 Dungeon Crawl Stone Soup version bcrawl-1.35.4 (webtiles) character file.

Game seed: 16750326955053027659

104789 mandick the Digger (level 2, 29/29 HPs)
             Began as an Ent Earth Elementalist on Jan 27, 2022.
             Quit the game on level 1 of the Dungeon.
             The game lasted 00:07:30 (867 turns).

mandick the Digger (Ent Earth Elementalist)          Turns: 867, Time: 00:07:31

Health: 29/29      AC:  9    Str: 15    XL:     2   Next: 75%
Magic:  5/5        EV: 10    Int: 15    God:
Gold:   43         SH:  0    Dex: 10    Spells: 5/6 levels left

rFire    . . .     SeeInvis .   d - +2 dagger (pain)
rCold    . . .     Gourm    .   (no shield)
rNeg     + + +     Faith    .   (armour unavailable)
rPois    +         Spirit   .   (helmet restricted)
rElec    .         Reflect  .   (no cloak)
rCorr    .                      (gloves unavailable)
MR       .....                  (boots unavailable)
Stlth    ++........             (no amulet)
HPRegen  0.09/turn              (no ring)
MPRegen  0.09/turn              (no ring)

@: very slow
A: large, slow actions, passwall, strong branches, negative energy resistance 3,
poison resistance, slow metabolism 1, torment resistance, unbreathing, AC +9
a: Passwall


You were on level 1 of the Dungeon.
You were not hungry.

You visited 1 branch of the dungeon, and saw 1 of its levels.

You collected 43 gold pieces.

Inventory:

Hand Weapons
 d - a +2 dagger of pain (weapon)
Missiles
 b - 583 stones (quivered)
 c - 120 poisoned needles
Scrolls
 a - a scroll of remove curse {unknown}
 f - a scroll of teleportation {unknown}
 i - a scroll of identify
Comestibles
 e - a ration {!d}


   Skills:
 + Level 1.1 Fighting
 - Level 2.0 Dodging
 - Level 2.5 Stealth
 - Level 1.0 Unarmed Combat
 + Level 2.8 Spellcasting
   Level 1.1 Transmutations
 + Level 3.7 Earth Magic


You had 5 spell levels left.
You knew the following spells:

 Your Spells              Type           Power        Failure   Level  Hunger
a - Sandblast             Erth           ##....       4%          1    None

Your spell library contained the following spells:

 Spells                   Type           Power        Failure   Level  Hunger
 Stone Arrow              Conj/Erth      #.....       28%         3    ####...
 Petrify                  Tmut/Erth      #.........   58%         4    #####..
 Lee's Rapid Deconstruct  Erth           ##........   77%         5    #######
 Passwall                 Tmut/Erth      Unusable     N/A         2    N/A

Dungeon Overview and Level Annotations

Branches:
Dungeon (1/12)

Altars:


Innate Abilities, Weirdness & Mutations

You move and act slowly.
You can pass through walls and trees.
Your branches can wield two-handed weapons with a shield.
Your thick bark is tough. (AC +9)
You are too large for most types of armour.
You are immune to negative energy. (rN+++)
Your system is resistant to poisons. (rPois)
You have a slow metabolism.
You are immune to unholy pain and torment.
You can survive without breathing.


Message History

Done exploring.
Done exploring.
Done exploring.
Done exploring.
Done exploring.
Done exploring.
Done exploring.
Done exploring.
Done exploring.
Done exploring.
Done exploring.
Done exploring.
Done exploring.
Done exploring.
Done exploring.
Welcome back, mandick the Ent Earth Elementalist.
Press m to set your skill training.
Press ? for a list of commands and other information.
Quiver which item? (- for none, * to show all) (? for menu, Esc to quit)
Okay, then.
Are you sure you want to abandon this character and quit the game? (Confirm with "yes".)

###############
#.............#
#.............#
#.............#
#......@......#########
#.....................#
#..........)..#######.#
#.............# #.#
#.............# #.#
#.............# #.#
#.............#######.##
#####>..................
#.###############.##


There were no monsters in sight!

Vanquished Creatures
  2 leopard geckos (D:1)
  A ball python (D:1)
  A giant cockroach (D:1)
  6 goblins (D:1)
  2 hobgoblins (D:1)
  2 bats (D:1)
  2 frilled lizards (D:1)
  2 kobolds (D:1)
  2 rats (D:1)
20 creatures vanquished.

Notes
Turn   | Place    | Note
-------+----------+-------------------------------------------
     0 | D:1      | mandick the Ent Earth Elementalist began the quest for the
                  | Orb.
     0 | D:1      | Reached XP level 1. HP: 18/18 MP: 3/3
   250 | D:1      | Reached XP level 2. HP: 28/28 MP: 3/5
   436 | D:1      | Reached skill level 1 in Fighting
   867 | D:1      | Quit the game

Skill      XL: |  1  2 |
---------------+-------+-----
Dodging        | 2 |  2.0
Fighting       | 1 |  1.1
Stealth        | |  2.5
Unarmed Combat | |  1.0
Spellcasting   | |  2.8
Transmutations | |  1.1
Earth Magic    | |  3.7

Action                   || total
-------------------------++-------
Melee: Unarmed           ||    23
       Dagger            ||    21
 Cast: Sandblast         ||     9
 Abil: Passwall          ||     4
 Stab: Sleeping          ||     2
  Eat: Chunk             ||     1
Armor: Skin              ||    31
Dodge: Dodged            ||    45
